 Dungeon Crawl Stone Soup version 0.29-a0-222-g5b244fca1f (webtiles) character file.

Game seed: 1858793169601623390

42 jlumianski the Ducker (level 3, 0/28 HPs)
             Began as a Demonspawn Gladiator on Feb 27, 2022.
             Slain by a gnoll
             ... wielding a +0 halberd
              (9 damage)
             ... on level 2 of the Dungeon.
             The game lasted 00:01:59 (913 turns).

jlumianski the Ducker (Demonspawn Gladiator)         Turns: 913, Time: 00:02:00

Health: 0/28       AC:  6    Str: 16    XL:     3   Next: 35%
Magic:  3/3        EV:  5    Int:  9    God:
Gold:   54         SH:  0    Dex: 14    Spells: 2/2 levels left

rFire   . . .      SeeInvis .   a - +0 war axe
rCold   . . .      Faith    .   (no shield)
rNeg    . . .      Spirit   .   h - +0 scale mail
rPois   .          Reflect  .   (helmet restricted)
rElec   .          Harm     .   (no cloak)
rCorr   .          Rampage  .   (no gloves)
Will    .....                   (no boots)
Stlth   ..........              (no amulet)
HPRegen 0.09/turn               (no ring)
MPRegen 0.08/turn               (no ring)

@: held
A: horns 1
a: no special abilities


You were on level 2 of the Dungeon.
You visited 1 branch of the dungeon, and saw 2 of its levels.

You collected 54 gold pieces.

Inventory:

Hand Weapons
 a - a +0 war axe (weapon)
Missiles
 d - 3 throwing nets
 e - 27 stones (quivered)
Armour
 b - a +0 leather armour
 c - a +0 helmet
 h - a +0 scale mail (worn)
Scrolls
 f - a scroll of fear {unknown}
 g - a scroll of summoning {unknown}


   Skills:
 + Level 2.4 Fighting
 + Level 3.1 Axes
 + Level 2.0 Throwing
 + Level 0.3 Armour
 + Level 3.2 Dodging


You had 2 spell levels left.
You didn't know any spells.
Your spell library was empty.

Dungeon Overview and Level Annotations

Branches:
Dungeon (2/15)

Altars:


Innate Abilities, Weirdness & Mutations

You have a pair of small horns on your head.


Message History

A gnoll comes into view. It is wielding a +0 flail.
The gnoll moves out of view.
A gnoll is nearby!
A gnoll comes into view. It is wielding a +0 whip.
The gnoll shouts!
A gnoll comes into view. It is wielding a +0 halberd.
The gnoll shouts!
You slash the gnoll! Your headbutt misses the gnoll.
The gnoll is severely wounded.
The gnoll hits you with a +0 flail. x2
You barely miss the gnoll.
You headbutt the gnoll, but do no damage.
The gnoll is severely wounded.
You closely miss the gnoll.
A quokka comes into view.
The gnoll barely misses you.
The quokka moves out of view.
You hit the gnoll. You headbutt the gnoll.
The gnoll is severely wounded.
The gnoll completely misses you.
You slash the gnoll!
You kill the gnoll!
You have reached level 3!
Your experience leads to an increase in your attributes!
Increase (S)trength, (I)ntelligence, or (D)exterity?
You feel stronger. x2
You hit the gnoll.
The gnoll is severely wounded.
The gnoll hits you with a +0 flail.
The gnoll hits you from afar with a +0 halberd!
The gnoll hits you with a +0 flail.
You hit the gnoll.
The gnoll is severely wounded.
The gnoll misses you. The gnoll closely misses you.
You hit the gnoll.
You kill the gnoll!
The gnoll throws a throwing net.
The throwing net hits you.
You become entangled in the net!
You tear a large gash into the net.
The gnoll hits you from afar with a +0 halberd!
You die...

..#.. ....
#... #..
#.r #g# #)#
#.###@#
#.....#+##
######...##
##.....##
#<......#
#.........#
+.........+
#.........#
##.......##


You could see a gnoll and a quokka.

Vanquished Creatures
  2 gnolls (D:2)
  2 dart slugs (D:1)
  A ball python (D:1)
  An endoplasm (D:1)
  2 giant cockroaches (D:1)
  A hobgoblin (D:1)
  3 jackals (D:1)
  4 kobolds (D:1)
  A bat (D:1)
  2 rats (D:1)
19 creatures vanquished.

Notes
Turn   | Place    | Note
-------+----------+-------------------------------------------
     0 | D:1      | jlumianski the Demonspawn Gladiator began the quest for the
                  | Orb.
     0 | D:1      | Reached XP level 1. HP: 16/16 MP: 1/1
   324 | D:1      | Gained mutation: You have a pair of small horns on your
                  | head. [demonic ancestry]
   324 | D:1      | Reached XP level 2. HP: 17/22 MP: 2/2
   910 | D:2      | Reached XP level 3. HP: 21/28 MP: 3/3
   913 | D:2      | Slain by a gnoll

Illustrated notes

Levels and vault maps discovered:
D:1:      lightli_arrival_windingriver, layout_loops_cross
D:2:      layout_loops_corners, basic_altar

Skill      XL: |  1  2 |
---------------+-------+-----
Axes           | 3 |  3.1
Throwing       | 2 |  2.0
Dodging        | 3 |  3.2
Fighting       | |  2.4
Armour         | |  0.3

Action                   || total
-------------------------++-------
Melee: War axe           ||    44
       Headbutt          ||     7
Armor: Leather armour    ||    12
Dodge: Dodged            ||    35

Table legend: (Time is in decaauts)
 A = Elapsed time spent in this place.
 B = Non-inter-level travel time spent in this place.
 C = Inter-level travel time spent in this place.
 D = Time resting spent in this place.
 E = Time spent auto-exploring this place.
 F = Levels seen in this place.
 G = Mean time per level.
                   A        B        C        D        E       F      G
               +--------+--------+--------+--------+--------+-----+--------+
         Total |    930 |    919 |     11 |      0 |    742 |   2 |  465.0 |
       Dungeon |    930 |    919 |     11 |      0 |    742 |   2 |  465.0 |
               +--------+--------+--------+--------+--------+-----+--------+

Top non-repeatable levels by time:
     D:1: 913 daAuts
     D:2: 16 daAuts
